 Dungeon Crawl Stone Soup version 0.32-a0-913-g739538afd8 (webtiles) character file.

Game seed: 15306974763465896728

263 Doorstop00 the Trooper (level 6, -2/39 HPs)
             Began as a Gargoyle Fighter on Apr 8, 2024.
             Killed by divine providence
             ... invoked by an orc priest
              (14 damage)
             ... on level 4 of the Dungeon.
             The game lasted 00:12:01 (2192 turns).

Doorstop00 the Trooper (Gargoyle Fighter)           Turns: 2192, Time: 00:12:02

Health: -2/39      AC: 18    Str: 27    XL:     6   Next: 19%
Magic:  6/6        EV:  6    Int:  9    God:
Gold:   206        SH:  4    Dex:  9    Spells: 5/5 levels left

rFire   . . .        a - +0 flail
rCold   . . .        c - +0 buckler
rNeg    + . .        r - +0 plate armour
rPois   ∞            s - +0 helmet
rElec   +            j - +0 cloak
rCorr   +            (no gloves)
SInv    .            (no boots)
Will    .....        (no amulet) Stlth
                     e - ring of resist corrosion
HPRegen 0.26/turn    l - +6 ring of strength
MPRegen 0.10/turn

%: no passive effects
@: no status effects
A: sickness immunity, AC +4, negative energy resistance 1, electricity
resistance, torment resistance 1, petrification resistance
a: Convert to Beogh


You were on level 4 of the Dungeon.
You visited 1 branch of the dungeon, and saw 4 of its levels.

You collected 206 gold pieces.

Inventory:

Hand Weapons
 a - a +0 flail (weapon)
Armour
 c - a +0 buckler (worn)
 j - a +0 cloak (worn)
 r - a +0 plate armour (worn)
 s - a +0 helmet (worn)
Jewellery
 e - a ring of resist corrosion (left hand)
 l - a +6 ring of strength (right hand)
 n - a ring of positive energy
 v - an amulet of faith
 y - an amulet of magic regeneration
Scrolls
 f - a scroll of blinking {unknown}
 g - 2 scrolls of fog {unknown}
 h - 3 scrolls of teleportation
 o - a scroll of enchant weapon {unknown}
 p - 3 scrolls of amnesia
 t - a scroll of acquirement {unknown}
 u - a scroll of revelation {unknown}
 w - a scroll of noise {unknown}
 x - a scroll of vulnerability {unknown}
Potions
 b - 2 potions of curing
 d - a potion of might
 i - 2 potions of heal wounds
 k - a potion of brilliance {unknown}
 m - a potion of attraction {unknown}
 q - a potion of mutation {unknown}


   Skills:
 * Level 4.4 Fighting
 * Level 4.2 Maces & Flails
 * Level 4.4 Armour
 * Level 1.2 Dodging
 * Level 3.8 Shields


You had 5 spell levels left.
You didn't know any spells.
Your spell library contained the following spells:

 Spells                   Type           Power      Damage    Failure   Level
 Lesser Beckoning         Tloc           0%         N/A       100%        2
 Maxwell's Portable Pile  Tloc           0%         2d(5-13)  100%        3
 Teleport Other           Tloc           0%         N/A       100%        3


Dungeon Overview and Level Annotations

Branches:
Dungeon (4/15)
 Temple: D:4-7

Altars:
Ashenzari


Innate Abilities, Weirdness & Mutations

You are immune to sickness and miasma.
Your stone body is resilient. (AC +4)
You are immune to poison.
You resist negative energy. (rN+)
You are resistant to electric shocks. (rElec)
You are resistant to unholy torment.
You are immune to petrification.


Message History

You hear some strange, mumbled words.
A puff of flame appears from out of thin air!
The puff of flame hits you.
You closely miss something. You block the orc's attack.
Something hits you but does no damage.
You hit something but do no damage. The orc hits you but does no damage.
You block something's attack.
You barely miss something. The orc hits you but does no damage.
Something completely misses you.
You barely miss something. The orc closely misses you. Something hits you.
You hit something. The orc barely misses you.
Something hits you but does no damage. The orc hits you but does no damage.
Something hits you but does no damage.
You closely miss something. The orc hits you with a +0 short sword.
You hear some strange, mumbled words.
Something tries to affect you, but you resist.
You barely miss something. The orc hits you with a +0 short sword.
You hear some strange, mumbled words.
A magic dart appears from out of thin air!
The magic dart hits you but does no damage.
You completely miss something. The orc hits you but does no damage.
You hear some strange, mumbled words.
A puff of flame appears from out of thin air!
The puff of flame hits you.
You miss something. The orc hits you but does no damage.
You hear some strange, mumbled words.
Something tries to affect you, but you resist.
An orc priest comes into view. It is wielding a +0 whip.
The orc hits you with a +0 short sword.
The orc priest looks satisfied for a moment.
Something hits you.
You closely miss the orc.
The orc is heavily wounded.
The orc barely misses you.
The orc priest invokes the aid of Beogh against you.
Beogh smites you! Something hits you.
You are too injured to fight recklessly!
The orc priest invokes the aid of Beogh against you.
Beogh smites you!
You die...

..........##...........#
........................
.......#........##......
.......#.<)....###......
..............#####.....
.................###....
........###......# #####
..........#...##...
.......@)##....#..##
#......o{..##....(.#
#.....##).........##
.....# #......#... ...o.
....##.# .##.. ....# # #
.##.. .. .#. ####


You could see an orc priest and an orc.

Vanquished Creatures
  A bombardier beetle (D:3)
  An orc priest (D:4)
  A sleepcap (D:4)
  An orc wizard (D:4)
  3 adders (D:3)
  5 gnolls (D:3)
  2 ribbon worms
  7 orcs (D:4)
  A bat (D:2)
  3 endoplasms
  2 giant cockroaches
  3 goblins
  9 jackals
  6 quokkas
  8 ball pythons
  4 frilled lizards
  4 kobolds
  7 rats
68 creatures vanquished.

Notes
Turn   | Place    | Note
-------+----------+-------------------------------------------
     0 | D:1      | Doorstop00 the Gargoyle Fighter began the quest for the
                  | Orb.
     0 | D:1      | Reached XP level 1. HP: 14/14 MP: 1/1
    38 | D:1      | Reached XP level 2. HP: 19/19 MP: 2/2
   216 | D:1      | Found a faded altar of an unknown god.
   562 | D:2      | Reached XP level 3. HP: 24/24 MP: 3/3
   868 | D:2      | Found a broken altar of Ashenzari.
  1255 | D:3      | Reached XP level 4. HP: 16/29 MP: 4/4
  1394 | D:3      | Reached skill level 1 in Dodging
  1394 | D:3      | Reached XP level 5. HP: 27/33 MP: 5/5
  2098 | D:4      | Reached XP level 6. HP: 39/39 MP: 6/6
  2192 | D:4      | Killed from afar by an orc priest

Illustrated notes

Levels and vault maps discovered:
D:1:      minmay_arrival_shattered_statue, layout_rooms,
          hellmonk_ecumenical_altar_zigzags
D:2:      layout_basic, basic_altar
D:3:      layout_rooms, kennysheep_generic_room_16
D:4:      layout_cave_pools, minmay_temple_entry_overgrown

Skill      XL: |  1  2  3  4  5 |
---------------+----------------+-----
Maces & Flails | 3 4 |  4.2
Armour         | 4 |  4.4
Dodging        | 1 |  1.2
Fighting       | 4 |  4.4
Shields        | |  3.8

Action                     |  1- 3 |  4- 6 || total
---------------------------+-------+-------++-------
  Melee: Flail             |   109 |   146 ||   255
    Use: Scroll            |     4 |     1 ||     5
 Armour: Scale mail        |    60 |       ||    60
         Plate armour      |    44 |   166 ||   210
  Dodge: Dodged            |    56 |    58 ||   114
  Block: Buckler           |    19 |    24 ||    43

Table legend: (Time is in decaauts)
 A = Elapsed time spent in this place.
 B = Non-inter-level travel time spent in this place.
 C = Inter-level travel time spent in this place.
 D = Time resting spent in this place.
 E = Time spent auto-exploring this place.
 F = Levels seen in this place.
 G = Mean time per level.
                   A        B        C        D        E       F      G
               +--------+--------+--------+--------+--------+-----+--------+
         Total |   2261 |   2231 |     30 |    245 |   1110 |   4 |  565.2 |
       Dungeon |   2261 |   2231 |     30 |    245 |   1110 |   4 |  565.2 |
               +--------+--------+--------+--------+--------+-----+--------+

Top non-repeatable levels by time:
     D:3: 820 daAuts
     D:2: 708 daAuts
     D:1: 554 daAuts
     D:4: 178 daAuts
